 Dungeon Crawl Stone Soup version 0.24.0-1-gfbc8707122 (webtiles) character file.

Game seed: 10233524457191778536, levelgen mode: deterministic

55 Mrkan the Slasher (level 3, -4/33 HPs)
             Began as a Draconian Monk on Oct 25, 2019.
             Slain by a gnoll
             ... wielding a +0 whip
              (8 damage)
             ... on level 2 of the Dungeon.
             The game lasted 00:01:36 (915 turns).

Mrkan the Slasher (Draconian Monk)                   Turns: 915, Time: 00:01:37

Health: -4/33      AC:  5    Str: 13    XL:     3   Next: 67%
Magic:  3/3        EV: 13    Int: 11    God:
Gold:   23         SH:  0    Dex: 13    Spells: 2/2 levels left

rFire    . . .     SeeInvis .   a - +0 falchion
rCold    . . .     Gourm    .   (no shield)
rNeg     . . .     Faith    .   (armour unavailable)
rPois    .         Spirit   .   (helmet restricted)
rElec    .         Reflect  .   (no cloak)
rCorr    .         Harm     .   (no gloves)
MR       .....                  (no boots)
Stlth    ++........             (no amulet)
HPRegen  0.11/turn              (no ring)
MPRegen  0.08/turn              (no ring)

@: no status effects
A: unfitting armour, cold-blooded, AC +5
a: no special abilities


You were on level 2 of the Dungeon.
You were not hungry.

You visited 1 branch of the dungeon, and saw 2 of its levels.

You collected 23 gold pieces.

Inventory:

Hand Weapons
 a - a +0 falchion (weapon)
Jewellery
 d - an uncursed ring of protection from fire {unknown}
 i - a +3 ring of dexterity {unknown}
 q - a +4 ring of strength
Wands
 p - a wand of random effects (20)
Scrolls
 f - 2 scrolls of remove curse {unknown}
 g - a scroll of teleportation {unknown}
 h - 4 scrolls of identify {unknown}
 k - a scroll of fear {unknown}
 l - a scroll of amnesia {unknown}
Potions
 c - a potion of berserk rage {unknown}
 e - a potion of curing {unknown}
 j - a potion of haste {unknown}
 m - a potion of flight {unknown}
 n - a potion of magic {unknown}
Comestibles
 b - a ration
 o - a chunk of flesh


   Skills:
 + Level 4.0 Fighting
 * Level 4.2 Long Blades
 - Level 2.6 Dodging
 - Level 1.7 Stealth


You had 2 spell levels left.
You didn't know any spells.
Your spell library was empty.

Dungeon Overview and Level Annotations

Branches:
Dungeon (2/15)

Altars:
Xom


Innate Abilities, Weirdness & Mutations

Your plain brown scales are hard. (AC +5)
You cannot fit into any form of body armour.
You are cold-blooded and may be slowed by cold attacks.


Message History

You hit the gnoll.
You tail-slap the gnoll, but do no damage.
The gnoll is severely wounded.
The gnoll hits you with a +0 flail! The gnoll misses you.
You riposte.
You closely miss the gnoll.
The gnoll is lightly wounded.
You hit the gnoll.
You kill the gnoll!
Your Fighting skill increases to level 4!
The gnoll misses you.
Things that are here:
a +0 flail; a gnoll corpse You completely miss the gnoll.
The gnoll barely misses you.
You riposte.
You hit the gnoll but do no damage. You barely miss the gnoll.
The gnoll hits you with a +0 whip!
You hit the gnoll but do no damage. The gnoll hits you with a +0 whip!
* * * LOW HITPOINT WARNING * * *
You hit the gnoll but do no damage. The gnoll barely misses you.
The gnoll hits you with a +0 whip!
You die...

#.....# #.#
#. #.##.#
#.###.#####.#
#. #.##.# #
#......... ..
..# .#
#..###.### #.
####.# #..##
.# #.. #...#
.# ## ##..#
.#
#..##.######
#..@gS......
.
##.##.###...
... #.# .#
#.## #.# .# #
#.# .. ... ##
... ..


You could see a gnoll and an adder.

Vanquished Creatures
  2 gnolls (D:2)
  A dart slug (D:1)
  A giant cockroach (D:1)
  4 goblins (D:1)
  6 hobgoblins
  5 kobolds
  A quokka (D:2)
  2 bats (D:1)
  2 frilled lizards (D:1)
  11 rats
  A butterfly (D:2)
36 creatures vanquished.

Notes
Turn   | Place    | Note
-------+----------+-------------------------------------------
     0 | D:1      | Mrkan the Draconian Monk began the quest for the Orb.
     0 | D:1      | Reached XP level 1. HP: 19/19 MP: 1/1
   110 | D:1      | Reached XP level 2. HP: 24/26 MP: 2/2
   755 | D:1      | Reached XP level 3. HP: 33/33 MP: 3/3
   796 | D:2      | Found a shimmering altar of Xom.
   915 | D:2      | Slain by a gnoll

Levels and vault maps discovered:
D:1:      beargit_arrival_greenhouse, layout_loops_corners
D:2:      layout_loops_ring, xom_butterflies, tgw_trog

Skill      XL: |  1  2  3 |
---------------+----------+-----
Long Blades    | 4 |  4.2
Fighting       | 4 |  4.0
Dodging        | |  2.6
Stealth        | |  1.7

Action                   || total
-------------------------++-------
Melee: Falchion          ||    85
       Tailslap          ||     4
 Stab: Sleeping          ||     7
Armor: Skin              ||    20
Dodge: Dodged            ||    55
       Rpst.: Falchion   ||    23
